 Dungeon Crawl Stone Soup version 0.27.0-1-g7a089689b8 (webtiles) character file.

Game seed: 13489541528025816204

904 ZARRMARR the Cudgeller (level 7, -5/61 HPs)
             Began as a Minotaur Berserker on Aug 14, 2021.
             Was a Priest of Trog.
             Killed from afar by an electric eel (6 damage)
             ... with a bolt of electricity
             ... on level 5 of the Dungeon.
             The game lasted 00:27:17 (6695 turns).

ZARRMARR the Cudgeller (Minotaur Berserker)         Turns: 6695, Time: 00:27:19

Health: -5/61      AC: 18    Str: 23    XL:     7   Next: 80%
Magic:  6/6        EV:  9    Int:  4    God:    Trog [***...]
Gold:   228        SH:  0    Dex: 10    Spells: 6/6 levels left

rFire    . . .     SeeInvis .   a - +1 mace (drain)
rCold    + + +     Faith    .   (no shield)
rNeg     . . .     Spirit   .   e - +8 chain mail of the Ant {Contam Harm *Corrode rC+++}
rPois    .         Reflect  .   (helmet restricted)
rElec    .         Harm     +   (no cloak)
rCorr    .         Rampage  .   m - +0 pair of gloves
Will     .....                  (no boots)
Stlth    ..........             (no amulet)
HPRegen  0.20/turn              f - ring of flight
MPRegen  0.10/turn              (no ring)

@: flying
A: horns 2, retaliatory headbutt
a: Renounce Religion, Berserk, Trog's Hand


You were on level 5 of the Dungeon.
You worshipped Trog.
Trog was most pleased with you.
You visited 1 branch of the dungeon, and saw 5 of its levels.
You also visited: Sewer.

You collected 228 gold pieces.

Inventory:

Hand Weapons
 a - a +1 mace of draining (weapon)
Missiles
 d - 7 silver javelins
 g - 118 stones
 l - 29 poisoned darts (quivered)
 p - 2 throwing nets
Armour
 e - the +8 chain mail of the Ant (worn) {Contam Harm *Corrode rC+++}
   (You took it off a goblin on level 4 of the Dungeon)

   rC:        It renders you almost immune to cold.
   Contam:    It causes magical contamination when unequipped.
   *Corrode:  It may corrode you when you take damage.
   Harm:      It increases damage dealt and taken.
 m - a +0 pair of gloves (worn)
Jewellery
 f - a ring of flight (left hand)
Wands
 h - a wand of acid (12)
Scrolls
 n - a scroll of blinking {unknown}
 o - a scroll of noise {unknown}
 q - a scroll of enchant armour {unknown}
 s - a scroll of vulnerability {unknown}
Potions
 b - 4 potions of curing
 c - a potion of heal wounds
 i - a potion of cancellation {unknown}
 j - a potion of degeneration {unknown}
 k - 2 potions of haste {unknown}
 r - 2 potions of brilliance {unknown}
 t - a potion of might {unknown}


   Skills:
 + Level 5.4 Fighting
 + Level 6.5 Maces & Flails
 + Level 5.6 Throwing
 + Level 4.2 Armour
 + Level 3.2 Dodging


You had 6 spell levels left.
You didn't know any spells.
Your spell library contained the following spells:

 Spells                   Type           Power      Damage    Failure   Level
 Blink                    Tloc           N/A        N/A       100%        2
 Lesser Beckoning         Tloc           0%         N/A       100%        3
 Manifold Assault         Tloc           0%         N/A       100%        5


Dungeon Overview and Level Annotations

Branches:
Dungeon (5/15)              Sewer (visited)
 Temple: D:4-7

Altars:
Vehumet


Innate Abilities, Weirdness & Mutations

You have a pair of horns on your head.
You reflexively headbutt those who attack you in melee.


Message History

You feel yourself slow down.
You start resting.
You are no longer corroded.
You start resting.
You feel yourself speed up.
You start resting.
You recover from your berserk rage.
You start resting.
HP restored.
You reach down and open the door.
An electric eel is nearby!
Throw: 29 darts (poison)
Press: ? - help, Q - select action, (/) - cycle Shift-Dir - straight line, f - electric eel
Aim: an electric eel (42% to hit)
Okay, then.
The electric eel shoots out a bolt of lightning at you!
The bolt of electricity hits the electric eel.
The electric eel completely resists.
The bolt of electricity hits you.
The electric eel shoots out a bolt of lightning at you!
The bolt of electricity hits you. The bolt of electricity misses you.
The electric eel shoots out a bolt of lightning at you!
The bolt of electricity hits the plant!
The plant begins to die.
The bolt of electricity hits you. x2
There is an open door here.
Okay, then.
The electric eel shoots out a bolt of lightning at you!
The bolt of electricity hits the electric eel.
The electric eel completely resists.
The bolt of electricity hits you. The bolt of electricity hits you!
The electric eel shoots out a bolt of lightning at you!
The bolt of electricity hits the plant!
The bolt of electricity hits you! x2
* * * LOW HITPOINT WARNING * * *
You feel much better.
The electric eel shoots out a bolt of lightning at you!
The bolt of electricity hits the electric eel.
The electric eel completely resists.
The bolt of electricity hits you! x2
* * * LOW HITPOINT WARNING * * *
The electric eel shoots out a bolt of lightning at you!
The bolt of electricity hits you.
You die...

.#.................##.#
#.#.#####
.#.##.###############.#
#.#.##...
......####≈≈≈†....###.#
#.#.##.#.
.......##.########.##.#
#.#.##.#.
.....###.##≈.[...##≈#.#
#.#.##.#. .....#
#.#≈≈!≈≈...#≈#.# #.#<##.#.
.....# #.#≈[.P....#≈#.#
#.#....#. ##.###
#≈#≈≈;.P..'#.#.###.######.
#.#
##≈##;.;..@#..#..##........
#.#
##≈##########.###.##########
#.# #≈##≈|≈P.
#≈≈#............. #.#
#.#≈≈.PP. #≈##.#.##########
#.# #.#;$?P..
#≈##.#.....##<##.
#.###.#;≈≈P≈.
#.##.#######...#.
#.#.#'##≈.$.. ..##.# #.8.#.
#.#....########.###.# #...#.
#.#...###.....## #.# ##.##.


You could see 3 electric eels.

Vanquished Creatures
  An acid dragon (D:5)
  A water moccasin (D:4)
  An ogre (D:5)
  A black bear (D:3)
  A kobold brigand (Sewer)
  A wyvern skeleton (D:4)
  A howler monkey (D:4)
  A bullfrog zombie (D:4)
  An orc priest (D:3)
  A hound (D:5)
  An orc wizard (D:3)
  A howler monkey zombie (D:5)
  7 gnolls
  2 adders
  3 river rats
  An ufetubus (D:4)
  2 adder skeletons (D:5)
  A worm (D:3)
  4 dart slugs
  12 orcs
  8 ball pythons
  4 bats
  6 endoplasms
  6 giant cockroaches
  11 goblins
  3 hobgoblins (D:2)
  3 jackals
  5 quokkas
  3 frilled lizards
  6 kobolds
  A quokka skeleton (D:4)
  8 rats
108 creatures vanquished.

Notes
Turn   | Place    | Note
-------+----------+-------------------------------------------
     0 | D:1      | ZARRMARR the Minotaur Berserker began the quest for the
                  | Orb.
     0 | D:1      | Reached XP level 1. HP: 19/19 MP: 0/0
   253 | D:1      | Reached XP level 2. HP: 27/27 MP: 1/1
   256 | D:1      | Reached skill level 4 in Maces & Flails
  1048 | D:2      | Found a radiant altar of Vehumet.
  1055 | D:2      | Reached XP level 3. HP: 34/34 MP: 2/2
  1144 | D:2      | Reached ** piety under Trog
  1455 | D:2      | Found a faded altar of an unknown god.
  1829 | D:3      | Reached skill level 1 in Throwing
  2233 | D:3      | Reached XP level 4. HP: 41/41 MP: 3/3
  2464 | D:3      | Noticed a black bear
  2473 | D:3      | Killed a black bear
  2474 | D:3      | Reached skill level 5 in Maces & Flails
  2474 | D:3      | Reached XP level 5. HP: 37/47 MP: 4/4
  3067 | D:4      | Reached XP level 6. HP: 55/55 MP: 5/5
  3075 | D:4      | Reached skill level 5 in Fighting
  3343 | D:4      | Noticed a water moccasin
  3354 | D:4      | Killed a water moccasin
  3408 | D:4      | Found a glowing drain.
  3419 | D:4      | Reached *** piety under Trog
  3452 | Sewer    | Entered a sewer
  3566 | Sewer    | Reached skill level 6 in Maces & Flails
  3566 | Sewer    | Reached XP level 7. HP: 61/61 MP: 6/6
  3623 | Sewer    | Found a glowing silver altar of Zin.
  3718 | D:4      | Identified the +8 chain mail of the Ant {Contam Harm
                  | *Corrode rC+++}
  5236 | D:5      | Entered Level 5 of the Dungeon
  5250 | D:5      | Reached skill level 5 in Throwing
  6695 | D:5      | HP: 1/61 [electric eel/bolt of electricity (19)]
  6695 | D:5      | Killed from afar by an electric eel

Illustrated notes

Levels and vault maps discovered:
D:1:      psy_arrival_conway, layout_basic
D:2:      layout_rooms, dreamdust_ecumenical_altar_statues, basic_altar,
          serial_park_tiny_pond
D:3:      layout_basic, nrook_campfire
D:4:      layout_cave_pods, portal_sewer_entry_a, palyth_stone_intersect
D:5:      cheibrodos_two_vegetables, layout_basic, hangedman_glass_teeth,
          grunt_ministairs_5

Skill      XL: |  1  2  3  4  5  6  7 |
---------------+----------------------+-----
Maces & Flails | 4 5 6 |  6.5
Fighting       | 4 5 |  5.4
Throwing       | 1 2 3 4 5 |  5.6
Dodging        | 3 |  3.2
Armour         | 3 4 |  4.2

Action                   |  1- 3 |  4- 6 |  7- 9 || total
-------------------------+-------+-------+-------++-------
Melee: Mace              |    74 |    64 |    44 ||   182
       Headbutt          |     8 |     5 |     7 ||    20
Throw: Dart              |    71 |    35 |    22 ||   128
       Stone             |       |    39 |    20 ||    59
       Javelin           |       |     3 |     1 ||     4
Invok: Berserk           |     1 |     3 |     4 ||     8
       Trog's Hand       |       |     1 |     1 ||     2
  Use: Scroll            |     4 |     2 |       ||     6
       Potion            |       |       |     1 ||     1
Armor: Animal skin       |    12 |    10 |       ||    22
       Ring mail         |       |     4 |     2 ||     6
       Chain mail        |       |       |    13 ||    13
Dodge: Dodged            |    45 |    28 |    15 ||    88
